 Dungeon Crawl Stone Soup version 0.18.1-48-g4cf74bf (webtiles) character file.

7093 nikopol the Cleaver (level 11, 0/151 HPs)
             Began as a Hill Orc Berserker on Aug 10, 2016.
             Was an Elder of Trog.
             Slain by a 14-headed hydra (3 damage)
             ... on level 1 of the Lair of Beasts.
             The game lasted 00:27:20 (12033 turns).

nikopol the Cleaver (Hill Orc Berserker)           Turns: 12033, Time: 00:27:21

Health: 0/151      AC: 15    Str: 27    XL:     11   Next: 9%
Magic:  11/11      EV: 10    Int: 14    God:    Trog [****..]
Gold:   637        SH:  0    Dex: 12    Spells: 0 memorised, 10 levels left

rFire  . . .     SeeInvis .     a - +0 war axe
rCold  . . .     Gourm    .     b - +0 plate armour of Eternity {Int+7} (curse)
rNeg   . . .     Faith    .     (no shield)
rPois  +         Spirit   .     n - +0 helmet
rElec  .         Dismiss  .     (no cloak)
rCorr  +         Reflect  .     (no gloves)
SustAt .         Harm     .     (no boots)
MR     .....                    L - amulet of regeneration
Stlth  ..........               N - ring of poison resistance
                                G - ring of resist corrosion

@: berserking (expiring), very quick, not resistant to hostile enchantments,
extremely unstealthy
A: no striking features
a: Berserk, Trog's Hand, Brothers in Arms, Burn Spellbooks, Renounce Religion


You were on level 1 of the Lair of Beasts.
You worshipped Trog.
Trog was greatly pleased with you.
You were hungry.

You visited 2 branches of the dungeon, and saw 10 of its levels.
You also visited: Ossuary.

You collected 637 gold pieces.

Inventory:

Hand Weapons
 a - a +0 war axe (weapon)
 z - a +0 shortbow
Missiles
 D - 59 arrows (quivered)
Armour
 b - the cursed +0 plate armour of Eternity (worn) {Int+7}
   (You found it on level 8 of the Dungeon)

   It affects your intelligence (+7).
   It has a curse placed upon it.
 n - a +0 helmet (worn)
 t - a +0 chain mail
 x - a +0 scale mail
Jewellery
 G - a ring of resist corrosion (left hand)
 I - an uncursed ring of see invisible
 L - an amulet of regeneration (around neck)
 N - a ring of poison resistance (right hand)
Wands
 Q - a wand of teleportation (8/9)
Scrolls
 h - 4 scrolls of remove curse
 k - 2 scrolls of blinking {unknown}
 o - 3 scrolls of noise {unknown}
 p - 7 scrolls of enchant weapon {unknown}
 q - 2 scrolls of magic mapping {unknown}
 r - 3 scrolls of recharging {unknown}
 u - 2 scrolls of fear {unknown}
 v - 7 scrolls of teleportation {unknown}
 y - a scroll of identify
 A - a scroll of enchant armour {unknown}
 M - 2 scrolls of random uselessness {unknown}
 U - a scroll of silence {unknown}
Potions
 d - a potion of mutation {unknown}
 e - 2 potions of flight
 i - 3 potions of resistance
 j - 2 potions of cancellation
 m - 2 potions of berserk rage
 s - a potion of cure mutation
 w - 6 potions of curing
 B - 2 potions of lignification
 C - a potion of agility {unknown}
 E - a potion of might
 J - 2 potions of heal wounds
 K - 3 potions of haste
 P - a potion of brilliance {unknown}
Comestibles
 c - 14 bread rations
 f - 12 fruits
 l - 5 meat rations
 F - a royal jelly
 S - 2 slices of pizza
 T - 2 beef jerkies


   Skills:
 + Level 10.3 Fighting
 * Level 11.6 Axes
 * Level 3.0 Bows
 + Level 9.1 Armour
 + Level 6.9 Dodging


You had 10 spell levels left.
You didn't know any spells.

Dungeon Overview and Level Annotations

Branches:
Dungeon (9/15)             Temple (0/1) D:4            Lair (1/8) D:9
    Orc: D:9-12

Altars:
Cheibriados
Elyvilon
Fedhas
Gozag
Okawaru
Pakellas
Trog
Vehumet
Xom
The Shining One

Shops:
D:4 [   D:6 *


Message History

The 11-headed hydra grows two more!
You slice the 13-headed hydra!!
The 13-headed hydra is almost dead.
The 13-headed hydra barely misses you.
The 13-headed hydra bites you but does no damage.
The 13-headed hydra bites you!
* * * LOW HITPOINT WARNING * * *
The 13-headed hydra bites you but does no damage. x3
The 13-headed hydra bites you!
* * * LOW HITPOINT WARNING * * *
The 13-headed hydra closely misses you. x2
The 13-headed hydra bites you but does no damage. x3
The 13-headed hydra bites you.
* * * LOW HITPOINT WARNING * * *
You barely miss the 13-headed hydra.
The 13-headed hydra is almost dead.
You lop one of the 13-headed hydra's heads off!
The 12-headed hydra grows two more!
You slash the 14-headed hydra!
The 14-headed hydra is severely wounded.
The 14-headed hydra bites you.
You die...

........>..........
...................
...............P.##
...................
...................
########...........
####...##.P###.
...####..#...###########
......D@................
.....(...............(..
........................
..(.....................
(.......................
........................
#################...###.
##### ##


You could see a 14-headed hydra.

Vanquished Creatures
  Pikel (D:6)
  An oklob plant (D:6)
  A spiny frog (Lair:1)
  2 komodo dragons
  5 blink frogs (Lair:1)
  5 yaks (D:9)
  A spriggan (D:7)
  2 hungry ghosts (D:7)
  Menkaure (Ossuary)
  Duvessa (D:7)
  2 slaves (D:6)
  A wasp (D:8)
  An ice beast (D:5)
  4 black bears
  6 ogres
  2 crocodiles
  A centaur (D:9)
  Dowan (D:7)
  5 giant frogs
  3 scorpions
  3 howler monkeys (D:9)
  4 crimson imps
  A giant frog zombie (D:8)
  A quasit (D:8)
  2 jellies
  4 giant frog skeletons
  3 orc priests
  A centaur skeleton (D:7)
  13 orc wizards
  2 worker ants (D:6)
  5 iguanas
  A hound skeleton (D:4)
  3 mummies (Ossuary)
  A howler monkey zombie (D:8)
  A worker ant zombie (D:5)
  4 gnolls (D:5)
  6 adders
  3 shadow imps
  An adder zombie (D:8)
  An adder skeleton (D:8)
  5 worms
  2 dart slugs (D:1)
  A giant gecko (D:7)
  28 orcs
  2 ball pythons (D:3)
  8 giant cockroaches
  5 goblins
  6 hobgoblins
  11 jackals
  2 quokkas
  4 bats (D:1)
  A giant gecko skeleton (D:3)
  11 giant newts
  4 gnoll skeletons (Ossuary)
  7 gnoll zombies (Ossuary)
  2 goblin skeletons (Ossuary)
  2 goblin zombies (Ossuary)
  4 hobgoblin skeletons (Ossuary)
  A hobgoblin zombie (Ossuary)
  8 kobolds
  2 orc skeletons (Ossuary)
  3 orc zombies (Ossuary)
  2 quokka skeletons
  9 rats
  A rat skeleton (Ossuary)
  3 rat zombies (Ossuary)
  3 bushes (D:6)
  12 plants (D:6)
255 creatures vanquished.

Vanquished Creatures (others)
  A slave (D:6)
  A worker ant (D:7)
  A giant gecko (D:6)
  A giant cockroach (D:6)
  4 gnoll skeletons (Ossuary)
  3 gnoll zombies (Ossuary)
  A goblin skeleton (Ossuary)
  2 goblin zombies (Ossuary)
  A hobgoblin skeleton (Ossuary)
  2 kobold skeletons (Ossuary)
  2 kobold zombies (Ossuary)
  2 orc skeletons (Ossuary)
  2 rat skeletons (Ossuary)
  2 rat zombies (Ossuary)
  2 plants (D:9)
27 creatures vanquished.

Grand Total: 282 creatures vanquished

Notes
Turn   | Place    | Note
--------------------------------------------------------------
     0 | D:1      | nikopol the Hill Orc Berserker began the quest for the Orb.
     0 | D:1      | Reached XP level 1. HP: 19/19 MP: 1/1
    66 | D:1      | HP: 1/20 [bat (1)]
    67 | D:1      | Reached XP level 2. HP: 2/27 MP: 2/2
   651 | D:1      | Reached ** piety under Trog
   651 | D:1      | Reached XP level 3. HP: 27/33 MP: 3/3
  1552 | D:2      | Found an opulent altar of Gozag.
  1686 | D:2      | Reached XP level 4. HP: 35/41 MP: 4/4
  2134 | D:2      | Reached skill level 5 in Axes
  2134 | D:2      | Reached XP level 5. HP: 6/47 MP: 5/5
  2545 | D:3      | Reached skill level 5 in Fighting
  2576 | D:2      | Noticed an ogre
  2586 | D:2      | Killed an ogre
  2586 | D:2      | Reached XP level 6. HP: 31/56 MP: 6/6
  3066 | D:3      | Reached *** piety under Trog
  3530 | D:4      | Found Zen Ren's Antique Armour Boutique.
  3685 | D:4      | Reached skill level 6 in Axes
  3685 | D:4      | Reached XP level 7. HP: 40/62 MP: 7/7
  4280 | D:4      | Reached **** piety under Trog
  4897 | D:4      | Found a staircase to the Ecumenical Temple.
  5032 | D:5      | Entered Level 5 of the Dungeon
  5126 | D:5      | HP: 3/63 [worker ant zombie (1)]
  5130 | D:5      | Reached skill level 7 in Axes
  5130 | D:5      | Reached skill level 5 in Armour
  5130 | D:5      | HP: 1/64 [worker ant zombie (2)]
  5144 | D:5      | Reached XP level 8. HP: 23/71 MP: 8/8
  5163 | D:5      | Found a shimmering altar of Xom.
  5736 | D:5      | Received a gift from Trog
  6003 | D:6      | Noticed Pikel
  6019 | D:6      | Killed Pikel
  6019 | D:6      | Reached skill level 8 in Axes
  6071 | D:6      | Found a sand-covered staircase.
  6075 | Ossuary  | Entered an ossuary
  6582 | Ossuary  | Noticed Menkaure
  6590 | Ossuary  | Killed Menkaure
  6726 | D:6      | Reached XP level 9. HP: 75/79 MP: 9/9
  6790 | D:6      | Found a white marble altar of Elyvilon.
  6796 | D:6      | Found Cuqeh's Assorted Antiques.
  6880 | D:6      | Found a radiant altar of Vehumet.
  6881 | D:6      | Found a bloodstained altar of Trog.
  6882 | D:6      | Found an opulent altar of Gozag.
  6883 | D:6      | Found a glowing golden altar of the Shining One.
  6884 | D:6      | Found a snail-covered altar of Cheibriados.
  6887 | D:6      | Found an oddly glowing altar of Pakellas.
  6995 | D:6      | Found an iron altar of Okawaru.
  7111 | D:6      | Found a blossoming altar of Fedhas.
  7128 | D:6      | Noticed an oklob plant
  8410 | D:7      | Reached skill level 5 in Dodging
  8413 | D:7      | Got an ichor-stained spear
  8414 | D:7      | Identified the +8 spear of Atesag {pierce, +Rage} (You found it on level 7 of the Dungeon)
  8497 | D:7      | Found a shimmering altar of Xom.
  8651 | D:7      | Reached skill level 9 in Axes
  8828 | D:7      | Noticed Dowan
  8829 | D:7      | Noticed Duvessa
  8839 | D:7      | Killed Duvessa
  8848 | D:7      | Killed Dowan
  9147 | D:8      | Received a gift from Trog
  9148 | D:8      | Reached XP level 10. HP: 58/91 MP: 10/10
  9564 | D:6      | Killed an oklob plant
  9564 | D:6      | Reached skill level 10 in Axes
  9657 | D:8      | Got an encrusted plate armour
  9668 | D:8      | Identified the cursed +0 plate armour of Eternity {Int+7} (You found it on level 8 of the Dungeon)
 10599 | D:9      | Found a staircase to the Lair.
 11016 | Lair:1   | Entered Level 1 of the Lair of Beasts
 11031 | D:9      | Reached skill level 10 in Fighting
 11031 | D:9      | Reached skill level 11 in Axes
 11085 | Lair:1   | Reached skill level 1 in Bows
 11511 | Lair:1   | Reached XP level 11. HP: 50/100 MP: 11/11
 11779 | Lair:1   | Reached ***** piety under Trog
 12016 | Lair:1   | Noticed a six-headed hydra
 12031 | Lair:1   | HP: 3/151 [13-headed hydra (8)]
 12033 | Lair:1   | Slain by a 14-headed hydra

Skill      XL: |  1  2  3  4  5  6  7  8  9 10 11 |
---------------+----------------------------------+-----
Fighting       | 4 5 6 7 9 10 | 10.3
Dodging        | 2 3 4 6 |  6.9
Armour         | 3 4 5 6 7 9 |  9.1
Axes           | 5 6 7 8 9 11 | 11.6
Bows           | 2 3 |  3.0

Action                   |  1- 3 |  4- 6 |  7- 9 | 10-12 || total
-------------------------+-------+-------+-------+-------++-------
Melee: Hand axe          |   147 |   200 |   630 |       ||   977
       War axe           |       |       |   240 |   248 ||   488
 Fire: Shortbow          |       |       |       |    35 ||    35
Invok: Berserk           |     1 |     2 |     6 |     4 ||    13
       Burn Spellbooks   |       |     1 |     2 |       ||     3
       Trog's Hand       |       |       |     2 |       ||     2
  Use: Potion            |       |       |     1 |       ||     1
       Scroll            |       |       |       |     9 ||     9
 Stab: Sleeping          |     1 |       |       |       ||     1
  Eat: Chunk             |     2 |    10 |    25 |    11 ||    48
       Fruit             |       |       |     2 |     1 ||     3
       Beef jerky        |       |       |     2 |       ||     2
       Bread ration      |       |       |     2 |       ||     2
Armor: Animal skin       |    26 |       |       |       ||    26
       Chain mail        |     4 |    65 |       |       ||    69
       Scale mail        |       |    68 |   174 |     6 ||   248
       Plate armour      |       |       |       |   111 ||   111
Dodge: Dodged            |    80 |   109 |   198 |   122 ||   509
